 Dungeon Crawl Stone Soup version 0.30-a0-715-gdb4ae3ece1 (webtiles) character file.

Game seed: 8223769254695239593

9625 hikkokomori the Fighter (level 11, 0/60 HPs)
             Began as a Vine Stalker Fighter on Jan 25, 2023.
             Was a High Priest of Okawaru.
             Slain by a death yak (13 damage)
             ... on level 10 of the Dungeon.
             The game lasted 00:37:07 (11233 turns).

hikkokomori the Fighter (Vine Stalker Fighter)     Turns: 11233, Time: 00:37:08

Health: 0/60       AC:  7    Str: 18    XL:     11   Next: 49%
Magic:  0/21       EV: 16    Int: 12    God:    Okawaru [*****.]
Gold:   309        SH: 12    Dex: 15    Spells: 19/22 levels left

rFire   + . .      SeeInvis .      - Unarmed
rCold   + + .      Faith    .    i - +0 buckler
rNeg    . . .      Spirit   +    Y - +1 robe {rC+}
rPois   .          Reflect  +    o - +2 hat
rElec   .          Harm     .    s - scarf {rC+ rF+}
rCorr   .          Rampage  .    (no gloves)
Will    +....                    E - +0 pair of boots
Stlth   ++++                     p - amulet of reflection
HPRegen 1.10/turn                (no ring)
MPRegen 0.17/turn                (no ring)

@: heroic, finesse-ful, studying Shields
A: fangs 3, regeneration 1, magic shield, antimagic bite, no potion heal 2
a: Renounce Religion, Heroism, Finesse, Duel


You were on level 10 of the Dungeon.
You worshipped Okawaru.
Okawaru was extremely pleased with you.
You visited 2 branches of the dungeon, and saw 12 of its levels.
You also visited: Bailey.

You collected 624 gold pieces.
You spent 315 gold pieces at shops.

Inventory:

Hand Weapons
 g - a +0 antimagic spear
 O - a +2 bardiche of protection
 V - a +4 scimitar
 W - a +5 dagger
Missiles
 y - 3 throwing nets (quivered)
 K - 20 javelins
Armour
 a - a +0 scale mail
 i - a +0 buckler (worn)
 o - a +2 hat (worn)
 s - a scarf of resistance (worn)
 E - a +0 pair of boots (worn)
 P - a +0 ring mail
 Y - a +1 robe of cold resistance (worn)
Jewellery
 m - an amulet of faith
 p - an amulet of reflection (around neck)
Wands
 b - a wand of polymorph (2)
 l - a wand of mindburst (6)
 w - a wand of roots (15)
 x - a wand of quicksilver (7)
 D - a wand of paralysis (6)
Scrolls
 d - 2 scrolls of poison
 f - 3 scrolls of fear
 j - 2 scrolls of silence
 k - a scroll of vulnerability {unknown}
 u - 2 scrolls of teleportation
 v - 2 scrolls of magic mapping
 C - a scroll of brand weapon
 N - 4 scrolls of enchant armour
 T - 5 scrolls of fog
Potions
 c - a potion of haste {unknown}
 e - a potion of ambrosia {unknown}
 h - 5 potions of heal wounds
 n - a potion of brilliance
 q - 4 potions of curing
 t - 2 potions of berserk rage {unknown}
 z - a potion of cancellation {unknown}
 A - 3 potions of mutation
 G - 4 potions of lignification
 H - a potion of resistance {unknown}
 I - 2 potions of attraction
 J - 2 potions of invisibility
 S - 2 potions of magic {unknown}
 U - a potion of degeneration {unknown}
Miscellaneous
 X - a tin of tremorstones (inert)


   Skills:
 + Level 8.6(13.6) Fighting
 - Level 3.6(8.6) Armour
 + Level 4.2(9.2) Dodging
 - Level 4.0(9.0) Stealth
 - Level 7.3(12.3) Shields
 - Level 6.4(11.4) Unarmed Combat
 - Level 6.0 Spellcasting
 + Level 4.0 Hexes
 + Level 6.2 Invocations
 + Level 2.1 Evocations


You had 19 spell levels left.
You knew the following spells:

 Your Spells              Type           Power      Damage    Failure   Level
a - Confusing Touch       Hex            13%        N/A       12%         3

Your spell library contained the following spells:

 Spells                   Type           Power      Damage    Failure   Level
 Slow                     Hex            52%        N/A       4%          1
 Vampiric Draining        Necr           3%         2d6       54%         3


Dungeon Overview and Level Annotations

Branches:
Dungeon (11/15)            Temple (1/1) D:4          Bailey (visited)
   Lair: D:8-11         Orc: D:9-12

Altars:
Ashenzari
Cheibriados
Dithmenos
Elyvilon
Fedhas
Gozag
Hepliaklqana
Kikubaaqudgha
Makhleb
Nemelex Xobeh
Okawaru
Qazlal
Ru
Sif Muna
Trog
Uskayaw
Vehumet
Wu Jian
Xom
Yredelemnul
Zin
The Shining One

Shops:
D:1 [!=   D:2 *   D:3 ?   D:9 *   D:11 *

Annotations:
D:4 1 runed translucent door, Darius099's ghost, amateur TrMo


Innate Abilities, Weirdness & Mutations

You have razor-sharp teeth.
Your natural rate of healing is unusually fast.
When hurt, damage is shared between your health and your magic reserves.
Your bite disrupts and absorbs the magic of your enemies.
Potions cannot restore your health.


Message History

The yak looks frightened!
The two-headed ogre looks frightened!
The yak looks frightened!
The death yak seems to regain its courage.
The two-headed ogre begs, "Why can't we all just get along?"
The two-headed ogre howls in fear.
The two-headed ogre seems to regain its courage.
The two-headed ogre misses you. The two-headed ogre barely misses you.
You punch the two-headed ogre! You bite the two-headed ogre!
You drain its power.
You feel invigorated.
The two-headed ogre is moderately wounded.
The two-headed ogre closely misses you. You block the two-headed ogre's attack.
You punch the two-headed ogre! You bite the two-headed ogre!
You drain its power.
You feel invigorated.
The two-headed ogre is severely wounded.
You punch the two-headed ogre!
The two-headed ogre is almost dead.
You block the two-headed ogre's attack. x2
You hit the two-headed ogre.
The two-headed ogre is almost dead.
You hit the two-headed ogre. You bite the two-headed ogre.
You kill the two-headed ogre!
Okawaru is honoured by your kill. The death yak gores you!!
Your Hexes skill increases to level 4!
Your Evocations skill increases to level 2!
You can now deal lightning-fast blows.
The death yak gores you!!
You barely miss the death yak.
You bite the death yak, but do no damage.
You completely miss the death yak. You hit the death yak but do no damage.
The death yak gores you!!
* * * LOW HITPOINT WARNING * * *
You barely miss the death yak.
The yak bellows!
You bite the death yak. You drain its power.
You feel invigorated.
The death yak is lightly wounded.
You hit the death yak but do no damage.
The death yak is lightly wounded.
The death yak gores you!!
You die...

####### ####.........# ##..Y..##
#.........##### #.......##
##.............. ....<..Y.#
######..........##### .........#
#.........>.....# ##
.....)...####.#######..###### ##.
........>##...# ##..## #..
.........#..#######..##### ####.#
.........Y...Y.Y@).......###....#
............#####..#####..##.####
.........##............##.รท>.###.
..........#######.###..#....#....
...........#..............##..###
#............####.#######.#..####
##.........### #.# ##.#(## #.
#.........# #.# ##..#.# ##.
#.........# #.# #..##.# #..


You could see a death yak and 2 yaks.

Vanquished Creatures
  A two-headed ogre (D:10)
  A death yak (D:10)
  A manticore (D:11)
  An unseen horror (D:10)
  Psyche (D:10)
  Prince Ribbit (D:6)
  Sigmund (D:3)
  4 yaks
  A shadow (D:11)
  A steam dragon (D:8)
  3 vampire mosquitoes (D:10)
  Menkaure (D:7)
  A water moccasin (D:6)
  Duvessa (D:7)
  12 orc warriors (Bailey)
  A sky beast (D:7)
  A black bear (D:7)
  3 ice beasts
  An ogre (D:6)
  15 centaurs
  2 kobold brigands
  4 bullfrogs
  A gnoll sergeant (D:6)
  2 scorpions (D:6)
  12 wights
  Dowan (D:7)
  12 killer bees
  An electric eel (D:8)
  A howler monkey (D:4)
  A crimson imp (D:9)
  A jelly (D:7)
  2 gnoll boudas
  2 hounds
  7 iguanas
  4 orc wizards
  27 gnolls
  12 adders
  2 ufetubi
  2 worms
  3 dart slugs
  42 orcs
  2 ball pythons
  4 bats
  8 endoplasms
  2 giant cockroaches
  3 goblins
  12 hobgoblins
  5 jackals
  14 kobolds
  2 quokkas
  2 frilled lizards
  2 rats
249 creatures vanquished.

Vanquished Creatures (others)
  A vampire mosquito (D:10)
  2 orcs (Bailey)
3 creatures vanquished.

Grand Total: 252 creatures vanquished

Notes
Turn   | Place    | Note
-------+----------+-------------------------------------------
     0 | D:1      | hikkokomori the Vine Stalker Fighter began the quest for
                  | the Orb.
     0 | D:1      | Reached XP level 1. HP: 11/11 MP: 2/2
    56 | D:1      | Found Judat's Armour Emporium.
   116 | D:1      | Reached XP level 2. HP: 9/16 MP: 1/3
   207 | D:1      | Found Raxtiv's Distillery.
   233 | D:1      | Reached skill level 3 in Fighting
   360 | D:1      | Reached XP level 3. HP: 18/20 MP: 2/4
   435 | D:1      | Found Yteolud's Jewellery Emporium.
   834 | D:1      | Found Nepsefie's Antique Weapon Shoppe.
  1151 | D:2      | Found a hazy altar of Hepliaklqana.
  1232 | D:2      | Found Etych's General Store.
  1438 | D:2      | Gained mutation: Your natural rate of healing is unusually
                  | fast. [Vine Stalker growth]
  1438 | D:2      | Reached XP level 4. HP: 24/24 MP: 5/5
  2163 | D:3      | Reached XP level 5. HP: 28/28 MP: 6/6
  2539 | D:3      | Noticed Sigmund
  2729 | D:3      | Killed Sigmund
  2730 | D:3      | Reached skill level 4 in Fighting
  2730 | D:3      | Reached skill level 1 in Spellcasting
  2730 | D:3      | Reached XP level 6. HP: 24/33 MP: 5/9
  2840 | D:3      | You fall into a shaft and drop 2 floors!
  2840 | D:5      | Entered Level 5 of the Dungeon
  2976 | D:4      | Found a runed translucent door.
  2976 | D:4      | Noticed Darius099's ghost (amateur TrMo)
  3038 | D:3      | Found Jiun's Magic Scroll Emporium.
  3042 | D:3      | Bought a scroll of fear for 44 gold pieces
  3042 | D:3      | Bought a scroll of fear for 44 gold pieces
  3042 | D:3      | Bought a scroll of teleportation for 33 gold pieces
  3246 | D:3      | Reached XP level 7. HP: 36/38 MP: 3/10
  3514 | D:4      | Found a staircase to the Ecumenical Temple.
  3576 | Temple   | Entered the Ecumenical Temple
  3710 | Temple   | Became a worshipper of Warmaster Okawaru
  3840 | D:5      | Found a blossoming altar of Fedhas.
  4586 | D:6      | Reached * piety under Okawaru
  4587 | D:6      | Reached skill level 5 in Fighting
  4587 | D:6      | Reached skill level 5 in Shields
  4587 | D:6      | Reached skill level 5 in Unarmed Combat
  4587 | D:6      | Gained mutation: You have razor-sharp teeth. [Vine Stalker
                  | growth]
  4587 | D:6      | Reached XP level 8. HP: 10/41 MP: 4/13
  4675 | D:6      | Identified the +2 quarterstaff "Cixugeni" {drain, Dex+3}
  5027 | D:6      | Reached ** piety under Okawaru
  5275 | D:6      | Noticed Prince Ribbit
  5290 | D:6      | Killed Prince Ribbit
  5291 | D:6      | Reached skill level 6 in Fighting
  5291 | D:6      | Reached XP level 9. HP: 25/48 MP: 7/17
  5431 | D:6      | Reached skill level 5 in Spellcasting
  5921 | D:7      | Reached *** piety under Okawaru
  5922 | D:7      | Reached skill level 1 in Invocations
  6189 | D:7      | Noticed Dowan
  6189 | D:7      | Noticed Duvessa
  6200 | D:7      | Killed Dowan
  6205 | D:7      | Killed Duvessa
  6383 | D:7      | Noticed Menkaure
  6388 | D:7      | Killed Menkaure
  6662 | D:8      | Found a flagged portal.
  6673 | Bailey   | Entered a bailey
  6715 | Bailey   | Reached skill level 7 in Fighting
  6725 | Bailey   | Reached skill level 1 in Stealth
  6949 | Bailey   | Reached skill level 1 in Dodging
  7002 | Bailey   | Reached XP level 10. HP: 51/55 MP: 17/20
  7046 | Bailey   | Reached **** piety under Okawaru
  8424 | Bailey   | Learned a level 3 spell: Confusing Touch
  8675 | D:8      | Found a shadowy altar of Dithmenos.
  8682 | D:8      | Found a stormy altar of Qazlal.
  8796 | D:8      | Reached skill level 1 in Hexes
  9121 | D:8      | Reached skill level 5 in Invocations
  9124 | D:8      | Reached ***** piety under Okawaru
  9155 | D:9      | Reached skill level 8 in Fighting
  9547 | D:9      | Found a bloodstained altar of Trog.
  9634 | D:9      | Reached XP level 11. HP: 48/58 MP: 21/21
  9655 | D:9      | Found Wocup's General Store.
  9685 | D:9      | Bought a scroll of identify for 22 gold pieces
  9685 | D:9      | Bought 2 scrolls of fog for 88 gold pieces
  9754 | D:9      | Found a shimmering altar of Xom.
  9755 | D:9      | Found a burning altar of Makhleb.
  9981 | D:10     | Entered Level 10 of the Dungeon
 10037 | D:10     | Noticed Psyche
 10056 | D:10     | Killed Psyche
 10233 | D:10     | Reached skill level 1 in Evocations
 10394 | D:10     | Found a hide-covered altar of Uskayaw.
 10449 | D:10     | Found an opulent altar of Gozag.
 10745 | D:11     | Noticed a death yak
 10746 | D:11     | Noticed a death yak
 10746 | D:11     | Noticed a death yak
 10754 | D:11     | Noticed a death yak
 10755 | D:11     | Noticed a death yak
 10765 | D:10     | Killed a death yak
 10800 | D:11     | Found Elaanomn's General Store.
 10805 | D:11     | Bought a scroll of teleportation for 42 gold pieces
 10805 | D:11     | Bought a scroll of teleportation for 42 gold pieces
 10836 | D:11     | Noticed a manticore
 10848 | D:11     | Killed a manticore
 10858 | D:11     | Noticed a cyan ugly thing
 10943 | D:11     | Noticed a two-headed ogre
 10952 | D:11     | Noticed a two-headed ogre
 10952 | D:11     | Noticed a cyclops
 11227 | D:10     | Killed a two-headed ogre
 11233 | D:10     | Slain by a death yak

Illustrated notes

Levels and vault maps discovered:
D:1:      dpeg_arrival_stone_temple_mockup, layout_basic, serial_shops, shop,
          nicolae_square_shop, nicolae_shop_hallway_plus,
          nicolae_shop_window_shopping
D:2:      layout_loops_corners, serial_shops, nicolae_shop_behind_doors,
          basic_altar, nicolae_kite_square_tiling_tiny
D:3:      layout_loops_corners, serial_shops, shop, uniq_sigmund
D:4:      layout_cave_pools, minmay_temple_entry_enclosed_plants,
          hellmonk_ghost_happy_afterlife, kennysheep_cross_bottleneck
D:5:      layout_basic, hex_tiny, minmay_ruined_shrine
D:6:      layout_basic, uniq_prince_ribbit1
D:7:      layout_basic, kb_lookout_dungeons_type, uniq_duvessa, uniq_menkaure
D:8:      layout_basic, minitemple, enter_bailey_2, minmay_crystal_water
D:9:      layout_cave_pods, grunt_temple_overflow_champion_of_chaos,
          lightli_temple_of_fire, serial_shops, nicolae_lakefront_shop,
          dk_noncrumbling_3
D:10:     layout_rooms, mainiacjoe_overflow_two_lobes, uniq_psyche
D:11:     layout_big_octagon, dpeg_lair_monsters, serial_shops, shop,
          uniq_erolcha
Temple:   regret_index_temple_waves

Skill      XL: |  1  2  3  4  5  6  7  8  9 10 11 |
---------------+----------------------------------+-----
Fighting       | 3 4 5 6 7 8 |  8.6
Shields        | 3 4 5 6 7 |  7.3
Unarmed Combat | 3 4 5 6 |  6.4
Spellcasting   | 1 3 4 6 |  6.0
Invocations    | 3 5 6 |  6.2
Stealth        | 2 4 |  4.0
Dodging        | 1 3 4 |  4.2
Armour         | 3 |  3.6
Hexes          | 2 4 |  4.0
Evocations     | 2 |  2.1

Action                     |  1- 3 |  4- 6 |  7- 9 | 10-12 || total
---------------------------+-------+-------+-------+-------++-------
  Melee: Unarmed           |   106 |   155 |   459 |   404 ||  1124
         Bite              |    22 |    51 |   169 |   147 ||   389
         Halberd           |       |       |       |    55 ||    55
  Throw: Javelin           |       |       |       |     5 ||     5
 Invoke: Heroism           |       |       |     1 |     6 ||     7
         Finesse           |       |       |       |     1 ||     1
  Evoke: Wand              |       |       |    13 |     6 ||    19
         Tin of tremorston |       |       |       |     2 ||     2
    Use: Scroll            |       |     8 |     4 |    10 ||    22
         Potion            |       |     2 |     2 |       ||     4
   Stab: Held in net/web   |       |       |     1 |       ||     1
         Confused          |       |       |       |     1 ||     1
 Armour: Scale mail        |    39 |    37 |   114 |   120 ||   310
         Robe              |       |       |       |    13 ||    13
  Dodge: Dodged            |    45 |    45 |   160 |   264 ||   514
  Block: Buckler           |    16 |    69 |   247 |   259 ||   591
         Reflection        |       |     5 |    15 |     4 ||    24
         Other             |       |       |       |    17 ||    17

Table legend: (Time is in decaauts)
 A = Elapsed time spent in this place.
 B = Non-inter-level travel time spent in this place.
 C = Inter-level travel time spent in this place.
 D = Time resting spent in this place.
 E = Time spent auto-exploring this place.
 F = Levels seen in this place.
 G = Mean time per level.
                   A        B        C        D        E       F      G
               +--------+--------+--------+--------+--------+-----+--------+
         Total |  11215 |  10684 |    531 |    570 |   7124 |  13 |  862.7 |
       Dungeon |   9185 |   8730 |    455 |    323 |   6289 |  11 |  835.0 |
        Temple |    157 |     81 |     76 |      0 |     14 |   1 |  157.0 |
        Bailey |   1872 |   1872 |      0 |    247 |    821 |   1 | 1872.0 |
               +--------+--------+--------+--------+--------+-----+--------+

Top non-repeatable levels by time:
  Bailey: 1872 daAuts
     D:6: 1344 daAuts
     D:3: 1175 daAuts
     D:1: 1023 daAuts
    D:10: 969 daAuts
     D:2: 964 daAuts
     D:5: 888 daAuts
     D:9: 882 daAuts
     D:7: 725 daAuts
     D:8: 695 daAuts
     D:4: 304 daAuts
    D:11: 211 daAuts
  Temple: 157 daAuts
